 Dungeon Crawl Stone Soup version 0.21.1-1-g345015f (webtiles) character file.

485 tidbits the Charmwright (level 7, -1/56 HPs)
             Began as a Gnoll Skald on June 22, 2018.
             Slain by an iguana (4 damage)
             ... on level 5 of the Dungeon.
             The game lasted 00:09:45 (835 turns).

tidbits the Charmwright (Gnoll Skald)                Turns: 835, Time: 00:09:46

Health: -1/56      AC:  3    Str: 13    XL:     7   Next: 13%
Magic:  3/15       EV: 14    Int: 17    God:
Gold:   128        SH:  0    Dex: 15    Spells: 6/17 levels left

rFire    . . .     SeeInvis .   b - +3 quarterstaff
rCold    . . .     Gourm    .   (shield currently unavailable)
rNeg     . . .     Faith    .   s - +0 leather armour
rPois    .         Spirit   .   (no helmet)
rElec    .         Reflect  .   (no cloak)
rCorr    .         Harm     .   (no gloves)
MR       .....                  (no boots)
Stlth    ++........             (no amulet)
HPRegen  0.18/turn              (no ring)
MPRegen  0.14/turn              (no ring)

@: no status effects
A: distributed training, fangs 1, strong nose
a: no special abilities


You were on level 5 of the Dungeon.
You were not hungry.

You visited 1 branch of the dungeon, and saw 5 of its levels.
You also visited: Ossuary.

You collected 128 gold pieces.

Inventory:

Hand Weapons
 a - a +0 hand axe
 b - a +3 quarterstaff (weapon)
 k - a +0 flail
 o - a +0 trident
 r - a +0 quarterstaff
Armour
 s - a +0 leather armour (worn)
Wands
 f - a wand of flame (30)
 i - a wand of clouds (5)
Scrolls
 l - 2 scrolls of remove curse
 m - a scroll of enchant weapon
 t - a scroll of immolation {unknown}
 u - a scroll of blinking {unknown}
 v - a scroll of teleportation {unknown}
 w - a scroll of random uselessness
Potions
 e - a potion of resistance {unknown}
 g - a potion of ambrosia {unknown}
 h - a potion of might {unknown}
 j - a potion of agility {unknown}
 n - 2 potions of cancellation {unknown}
 p - a potion of brilliance {unknown}
 q - a potion of curing
 x - a potion of heal wounds {unknown}
 z - 2 potions of lignification {unknown}
 A - a potion of haste
Books
 d - a book of Battle

   Spells                             Type                      Level
   a - Infusion                       Charms                       1
   b - Shroud of Golubria             Charms/Translocation         2
   c - Song of Slaying                Charms                       2
   d - Spectral Weapon                Hexes/Charms                 3
   e - Regeneration                   Charms/Necromancy            3
Comestibles
 c - 3 rations


   Skills:
 + Level 5.1 Fighting
 + Level 2.2 Short Blades
 + Level 2.2 Long Blades
 + Level 5.1 Axes
 + Level 2.2 Maces & Flails
 + Level 2.2 Polearms
 + Level 2.2 Staves
 + Level 2.2 Slings
 + Level 2.2 Bows
 + Level 2.2 Crossbows
 + Level 2.2 Throwing
 + Level 3.4 Armour
 + Level 5.1 Dodging
 + Level 2.2 Stealth
 + Level 2.2 Shields
 + Level 2.2 Unarmed Combat
 + Level 5.5 Spellcasting
 + Level 1.8 Conjurations
 + Level 1.8 Hexes
 + Level 5.7 Charms
 + Level 1.8 Summonings
 + Level 1.8 Necromancy
 + Level 1.8 Translocations
 + Level 1.8 Transmutations
 + Level 1.8 Fire Magic
 + Level 1.8 Ice Magic
 + Level 1.8 Air Magic
 + Level 1.8 Earth Magic
 + Level 1.8 Poison Magic
 + Level 2.5 Invocations
 + Level 2.2 Evocations


You had 6 spell levels left.
You knew the following spells:

 Your Spells              Type           Power        Failure   Level  Hunger
g - Shroud of Golubria    Chrm/Tloc      ###.......   5%          2    #......
i - Infusion              Chrm           ###.         1%          1    None
r - Regeneration          Chrm/Necr      ###.......   11%         3    ##.....
w - Spectral Weapon       Hex/Chrm       ###.....     11%         3    ##.....
y - Song of Slaying       Chrm           ###.....     2%          2    #......


Dungeon Overview and Level Annotations

Branches:
Dungeon (5/15)
 Temple: D:4-7

Altars:


Innate Abilities, Weirdness & Mutations

Your experience applies equally to all skills.
You have very sharp teeth.
Your uncanny sense of smell can sniff out nearby items.


Message History

The human zombie is moderately damaged.
The human zombie completely misses you.
You closely miss the human zombie.
The human zombie is moderately damaged.
The human zombie closely misses you.
You sock the human zombie!
The human zombie is heavily damaged.
You hit the human zombie.
The human zombie is heavily damaged.
The human zombie hits you.
* * * LOW HITPOINT WARNING * * *
Casting: Song of Slaying
Confirm with . or Enter, or press ? or * to list all spells.
You draw out your weapon's spirit!
Your leather armour prevents you from hitting the human zombie.
The human zombie is heavily damaged.
Your spectral weapon hits the human zombie.
You hit the human zombie.
The human zombie is severely damaged.
Your spectral weapon completely misses the human zombie.
The human zombie misses you.
You sock the human zombie! Your bite misses the human zombie.
The human zombie is almost destroyed.
Your spectral weapon barely misses the human zombie.
The human zombie hits you.
* * * LOW HITPOINT WARNING * * *
You hit the human zombie.
The human zombie is almost destroyed.
Your spectral weapon hits the human zombie!
You destroy the human zombie!
You have reached level 7!
You sock the big kobold zombie!
The big kobold zombie is moderately damaged.
Your spectral weapon barely misses the big kobold zombie.
The big kobold zombie hits you.
* * * LOW HITPOINT WARNING * * *
You thump the big kobold zombie!
The big kobold zombie is heavily damaged.
Your spectral weapon hits the big kobold zombie!
You hit the big kobold zombie. You bite the big kobold zombie.
The big kobold zombie is almost destroyed.
Your spectral weapon barely misses the big kobold zombie.
The big kobold zombie hits you.
* * * LOW HITPOINT WARNING * * *
You hit the big kobold zombie.
You destroy the big kobold zombie!
Your song is almost over.
You sock the mummy!
The mummy is heavily damaged.
Your spectral weapon hits the mummy!
You destroy the mummy!
There is an open door here.
Your song has ended.
h - a purple potion
x - a cyan potion
z - 2 viscous emerald potions
A - a potion of haste
n - 2 sedimented grey potions (gained 1)
There is a gate leading back out of this place here.
Welcome back to the Dungeon!
Your summoned ally is left behind.
Your spectral weapon fades away.
An orc comes into view. It is wielding a whip.
The orc shouts!
The orc completely misses you. The iguana misses you.
There is a collapsed entrance here.
Unknown command.
As you read the scroll labeled DOBBUU YZOE, it crumbles to dust.
You assume a fearsome visage.
The iguana looks frightened!
The orc looks frightened! x4; It was a scroll of fear.
Cornered, the iguana turns to fight!
There is an open door here.
Found a scroll labeled KOLIGR XUMAHOWE.
Unknown command.
The ball python hisses angrily.
You hit the ball python.
The ball python is severely wounded.
The ball python misses you. The ball python closely misses you.
You hit the ball python.
You kill the ball python!
Your extra speed is starting to run out.
You see here a scroll labeled KOLIGR XUMAHOWE.
t - a scroll labeled KOLIGR XUMAHOWE You feel yourself slow down.
Found a scroll of identify.
y - a scroll of identify
Okay, then.
Autopickup is now off.
As you read the scroll of identify, it crumbles to dust.
w - a scroll of random uselessness
Casting: Spectral Weapon
Confirm with . or Enter, or press ? or * to list all spells.
You draw out your weapon's spirit!
You hit the iguana.
The iguana is moderately wounded.
Your spectral weapon misses the iguana.
The iguana bites you!
* * * LOW HITPOINT WARNING * * *
You closely miss the iguana.
The iguana is moderately wounded.
Your spectral weapon hits the iguana.
The iguana bites you.
You die...

..#... #.# .#
#..... #.# #.#
#..... #.# #.#
#.##.#### #.#
#.## #.#..#o..
#.# #..
....#.l. #.#
#.# #..#...
###(###.#
#..####
#..@l...#
#......
#######.#
##..##
#.#######.....
#..........###
#....l........
#.############
###


You could see an iguana and a friendly spectral enchanted quarterstaff.

Vanquished Creatures
  A hound (D:4)
  2 centaur zombies (Ossuary)
  2 human zombies (Ossuary)
  An orc wizard (D:2)
  An orc priest (D:2)
  An iguana (D:5)
  4 big kobold zombies (Ossuary)
  A hound zombie (Ossuary)
  3 mummies (Ossuary)
  4 gnolls (D:2)
  2 adders
  2 adder zombies (Ossuary)
  4 leopard geckos
  2 orcs
  3 giant cockroaches
  2 gnoll zombies (Ossuary)
  4 goblins
  6 jackals (D:5)
  A quokka (D:2)
  A ball python (D:5)
  A bat (D:2)
  3 hobgoblin zombies (Ossuary)
  3 jackal zombies (Ossuary)
  2 kobolds
  4 kobold zombies (Ossuary)
  5 quokka zombies (Ossuary)
  3 rats
  5 rat zombies (Ossuary)
73 creatures vanquished.

Notes
Turn   | Place    | Note
-------+----------+-------------------------------------------
     0 | D:1      | tidbits the Gnoll Skald began the quest for the Orb.
     0 | D:1      | Reached XP level 1. HP: 20/20 MP: 6/6
   100 | D:2      | Reached XP level 2. HP: 26/26 MP: 2/7
   111 | D:2      | Learned a level 2 spell: Song of Slaying
   114 | D:2      | Learned a level 2 spell: Shroud of Golubria
   138 | D:2      | Reached skill level 5 in Spellcasting
   138 | D:2      | Reached XP level 3. HP: 31/31 MP: 0/9
   138 | D:2      | Reached skill level 1 in Invocations
   147 | D:2      | Reached skill level 1 in Short Blades
   147 | D:2      | Reached skill level 1 in Long Blades
   147 | D:2      | Reached skill level 1 in Maces & Flails
   147 | D:2      | Reached skill level 1 in Polearms
   147 | D:2      | Reached skill level 1 in Staves
   147 | D:2      | Reached skill level 1 in Slings
   147 | D:2      | Reached skill level 1 in Bows
   147 | D:2      | Reached skill level 1 in Crossbows
   147 | D:2      | Reached skill level 1 in Throwing
   147 | D:2      | Reached skill level 1 in Stealth
   147 | D:2      | Reached skill level 1 in Shields
   147 | D:2      | Reached skill level 1 in Unarmed Combat
   147 | D:2      | Reached skill level 1 in Evocations
   147 | D:2      | Reached XP level 4. HP: 38/38 MP: 0/11
   152 | D:2      | Learned a level 3 spell: Regeneration
   200 | D:2      | Learned a level 3 spell: Spectral Weapon
   344 | D:2      | Reached skill level 1 in Conjurations
   344 | D:2      | Reached skill level 1 in Hexes
   344 | D:2      | Reached skill level 1 in Summonings
   344 | D:2      | Reached skill level 1 in Necromancy
   344 | D:2      | Reached skill level 1 in Translocations
   344 | D:2      | Reached skill level 1 in Transmutations
   344 | D:2      | Reached skill level 1 in Fire Magic
   344 | D:2      | Reached skill level 1 in Ice Magic
   344 | D:2      | Reached skill level 1 in Air Magic
   344 | D:2      | Reached skill level 1 in Earth Magic
   344 | D:2      | Reached skill level 1 in Poison Magic
   362 | D:2      | Reached XP level 5. HP: 41/43 MP: 2/12
   438 | D:4      | Reached skill level 3 in Armour
   478 | D:5      | Entered Level 5 of the Dungeon
   537 | D:5      | Found a sand-covered staircase.
   542 | Ossuary  | Entered an ossuary
   564 | Ossuary  | Reached XP level 6. HP: 42/50 MP: 6/13
   567 | Ossuary  | Reached skill level 2 in Invocations
   599 | Ossuary  | Reached skill level 5 in Fighting
   599 | Ossuary  | Reached skill level 5 in Axes
   599 | Ossuary  | Reached skill level 5 in Dodging
   645 | Ossuary  | Reached skill level 2 in Short Blades
   645 | Ossuary  | Reached skill level 2 in Long Blades
   645 | Ossuary  | Reached skill level 2 in Maces & Flails
   645 | Ossuary  | Reached skill level 2 in Polearms
   645 | Ossuary  | Reached skill level 2 in Staves
   645 | Ossuary  | Reached skill level 2 in Slings
   645 | Ossuary  | Reached skill level 2 in Bows
   645 | Ossuary  | Reached skill level 2 in Crossbows
   645 | Ossuary  | Reached skill level 2 in Throwing
   645 | Ossuary  | Reached skill level 2 in Stealth
   645 | Ossuary  | Reached skill level 2 in Shields
   645 | Ossuary  | Reached skill level 2 in Unarmed Combat
   645 | Ossuary  | Reached skill level 2 in Evocations
   705 | Ossuary  | HP: 5/51 [human zombie (5)]
   706 | Ossuary  | HP: 2/51 [rat zombie (2)]
   729 | Ossuary  | HP: 3/51 [mummy (16)]
   777 | Ossuary  | Reached XP level 7. HP: 10/56 MP: 0/15
   834 | D:5      | HP: 3/56 [iguana (13)]
   835 | D:5      | Slain by an iguana

Skill      XL: |  1  2  3  4  5  6 |
---------------+-------------------+-----
Spellcasting   | 5 |  5.5
Invocations    | 1 2 |  2.5
Short Blades   | 1 2 |  2.2
Long Blades    | 1 2 |  2.2
Maces & Flails | 1 2 |  2.2
Polearms       | 1 2 |  2.2
Staves         | 1 2 |  2.2
Slings         | 1 2 |  2.2
Bows           | 1 2 |  2.2
Crossbows      | 1 2 |  2.2
Throwing       | 1 2 |  2.2
Stealth        | 1 2 |  2.2
Shields        | 1 2 |  2.2
Unarmed Combat | 1 2 |  2.2
Evocations     | 1 2 |  2.2
Conjurations   | 1 |  1.8
Hexes          | 1 |  1.8
Summonings     | 1 |  1.8
Necromancy     | 1 |  1.8
Translocations | 1 |  1.8
Transmutations | 1 |  1.8
Fire Magic     | 1 |  1.8
Ice Magic      | 1 |  1.8
Air Magic      | 1 |  1.8
Earth Magic    | 1 |  1.8
Poison Magic   | 1 |  1.8
Armour         | 3 |  3.4
Fighting       | 5 |  5.1
Axes           | 5 |  5.1
Dodging        | 5 |  5.1
Charms         | |  5.7

Action                   |  1- 3 |  4- 6 |  7- 9 || total
-------------------------+-------+-------+-------++-------
Melee: Hand axe          |    21 |    60 |       ||    81
       Quarterstaff      |       |    64 |     9 ||    73
       Bite              |       |    10 |     1 ||    11
 Cast: Infusion          |     3 |       |       ||     3
       Song of Slaying   |     1 |     7 |       ||     8
       Spectral Weapon   |       |    13 |     1 ||    14
       Regeneration      |       |     4 |       ||     4
       Shroud of Golubri |       |     1 |       ||     1
Evoke: Wand              |     1 |       |       ||     1
  Use: Scroll            |       |     3 |     2 ||     5
       Potion            |       |     2 |       ||     2
 Stab: Distracted        |       |     1 |       ||     1
  Eat: Ration            |       |     1 |       ||     1
Armor: Leather armour    |     4 |    18 |       ||    22
Dodge: Dodged            |    18 |    92 |     4 ||   114

Table legend:
 A = Turns spent in this place as a percentage of turns spent in the entire game.
 B = Non-inter-level travel turns spent in this place as a percentage of non-inter-level travel turns spent in the entire game.
 C = Inter-level travel turns spent in this place as a percentage of turns spent in this place.
 D = Turns resting spent in this place as a percentage of non-inter-level travel turns spent in this place.
 E = Turns spent auto-exploring this place as a percentage of non-inter-level travel turns spent in this place.
 F = Non-inter-level travel turns spent in this place divided by the number of levels of this place that you've seen.
                   A       B       C       D       E      F
               +-------+-------+-------+-------+-------+----------------------
         Total | 100.0 | 100.0 |   0.0 |   0.0 |   0.0 | 139.2
       Dungeon |  69.0 |  69.0 |   0.0 |   0.0 |   0.0 | 115.2
       Ossuary |  31.0 |  31.0 |   0.0 |   0.0 |   0.0 | 259.0
               +-------+-------+-------+-------+-------+----------------------

Table legend:
 A = Kills in this place as a percentage of kills in entire the game.
 B = Kills by you in this place as a percentage of kills by you in the entire game.
 C = Kills by friends in this place as a percentage of kills by friends in the entire game.
 D = Other kills in this place as a percentage of other kills in the entire game.
 E = Experience gained in this place as a percentage of experience gained in the entire game.
 F = Experience gained in this place divided by the number of levels of this place that you have seen.
                   A       B       C       D       E      F
               +-------+-------+-------+-------+-------+----------------------
         Total | 100.0 | 100.0 |   N/A |   N/A | 100.0 | 115.5
       Dungeon |  50.7 |  50.7 |   N/A |   N/A |  44.2 |  61.2
       Ossuary |  49.3 |  49.3 |   N/A |   N/A |  55.8 | 387.0
               +-------+-------+-------+-------+-------+----------------------

Vault maps used:
D:1:      saegor_arrival_under_anarchy, minmay_misc_feat_hallway
D:2:      first_ration
D:3:      gammafunk_temple_overflow_arena, nemelex_xobeh_ov_fountains_minmay
D:4:      nicolae_ru_path_of_blood, minmay_temple_entry_nine_rooms,
          portal_sewer_entry_b
D:5:      lemuel_doored_altar, enter_ossuary_2, fedhas_altar_3, uniq_pikel
Ossuary:  minmay_ossuary_two_tombs
